 Dungeon Crawl Stone Soup version 0.29.0-13-gc9e81de378 (webtiles) character file.

Game seed: 13324860197342520699

3000 ILmort the Skirmisher (level 9, -5/75 HPs)
             Began as a Gnoll Hunter on Sept 10, 2022.
             Was a Priest of Ashenzari.
             Slain by a human
             ... wielding a +3 war axe
              (8 damage)
             ... in a bailey.
             The game lasted 00:38:29 (7902 turns).

ILmort the Skirmisher (Gnoll Hunter)                Turns: 7902, Time: 00:38:29

Health: -5/75      AC: 12    Str: 11    XL:     9   Next: 84%
Magic:  7/18       EV: 15    Int: 10    God:    Ashenzari [***...]
Gold:   323        SH:  0    Dex: 18    Spells: 9/20 levels left

rFire   + . .      SeeInvis +   a - +0 shortbow (chaos)
rCold   + . .      Faith    .   (shield currently unavailable)
rNeg    . . .      Spirit   .   w - +1 leather armour of Ashenzari's Seer {rF+ Will+, Elem, Evo} (curse)
rPois   .          Reflect  .   C - +0 helmet of the Lashed Planets {Evo, Alch} (curse)
rElec   .          Harm     .   l - +0 cloak "Ensconced Together" {Melee, Self} (curse)
rCorr   .          Rampage  .   r - +0 pair of gloves of Toth-Mos's Legacy {Alch, Elem} (curse)
Will    +....      Clarity  +   (no boots)
Stlth   +++.......              B - amulet of the acrobat
HPRegen 0.22/turn               D - +4 ring of protection
MPRegen 0.16/turn               t - ring "Eternal Together" {rC+, Elem, Alch} (curse)

@: no status effects
A: fangs 1, strong nose, distributed training
a: Renounce Religion, Shatter the Chains


You were in a bailey.
You worshipped Ashenzari.
Ashenzari was most pleased with you.
You visited 2 branches of the dungeon, and saw 8 of its levels.
You also visited: Sewer and Bailey.

You collected 323 gold pieces.

Inventory:

Hand Weapons
 a - a +0 shortbow of chaos (weapon)
 b - a +1 short sword of holy wrath
 I - a +0 short sword
Missiles
 d - a throwing net
 H - 19 poisoned darts
Armour
 l - the cursed +0 cloak "Ensconced Together" (worn) {Melee, Self}
   (You found it on level 1 of the Dungeon)

   It has a curse which improves the following skills: Melee Combat: Short
   Blades, Long Blades, Axes, Maces & Flails, Polearms, Staves and Unarmed
   Combat.
   Introspection: Fighting and Spellcasting.
 r - the cursed +0 pair of gloves of Toth-Mos's Legacy (worn) {Alch, Elem}
   (You found it on level 2 of the Dungeon)

   It has a curse which improves the following skills: Alchemy: Poison Magic and
   Transmutations.
   Elements:  Fire Magic, Ice Magic, Air Magic and Earth Magic.
 w - the cursed +1 leather armour of Ashenzari's Seer (worn) {rF+ Will+, Elem, Evo}
   (You took it off a goblin on level 2 of the Dungeon)

   rF:        It protects you from fire.
   Will:      It increases your willpower.
   It has a curse which improves the following skills: Elements: Fire Magic, Ice
   Magic, Air Magic and Earth Magic.
   Evocations: Evocations.
 C - the cursed +0 helmet of the Lashed Planets (worn) {Evo, Alch}
   (You found it on level 4 of the Dungeon)

   It has a curse which improves the following skills: Evocations: Evocations.
   Alchemy:   Poison Magic and Transmutations.
Jewellery
 e - a ring of ice
 s - a ring of resist corrosion
 t - the cursed ring "Eternal Together" (right hand) {rC+, Elem, Alch}
   (You found it on level 2 of the Dungeon)

   [ring of protection from cold]

   rC:        It protects you from cold.
   It has a curse which improves the following skills: Elements: Fire Magic, Ice
   Magic, Air Magic and Earth Magic.
   Alchemy:   Poison Magic and Transmutations.
 u - an amulet of reflection
 x - an amulet of magic regeneration
 B - an amulet of the acrobat (around neck)
 D - a +4 ring of protection (left hand)
 E - a +6 ring of dexterity
Wands
 q - a wand of polymorph (7)
 M - a wand of charming (14)
Scrolls
 c - 3 scrolls of immolation
 f - a scroll of silence
 g - 2 scrolls of enchant armour
 i - a scroll of teleportation
 k - 2 scrolls of torment
 m - 4 scrolls of poison
 o - 2 scrolls of vulnerability
 v - a scroll of amnesia
 y - a scroll of summoning
 z - a scroll of butterflies
 A - a scroll of blinking
 L - a scroll of brand weapon
Potions
 h - a potion of resistance
 j - 2 potions of brilliance
 p - a potion of attraction
 F - 4 potions of might
 G - 2 potions of invisibility
 J - a potion of magic
 K - a potion of haste
 N - 2 potions of flight


   Skills:
 + Level 6.7(8.4) Fighting
 + Level 4.8(6.3) Short Blades
 + Level 4.8(6.3) Long Blades
 + Level 4.8(6.3) Axes
 + Level 4.8(6.3) Maces & Flails
 + Level 4.8(6.3) Polearms
 + Level 4.8(6.3) Staves
 + Level 9.8 Ranged Weapons
 + Level 4.8 Throwing
 + Level 4.8 Armour
 + Level 6.7 Dodging
 + Level 5.4 Stealth
 + Level 4.8 Shields
 + Level 4.8(6.3) Unarmed Combat
 + Level 4.8(6.3) Spellcasting
 + Level 4.0 Conjurations
 + Level 4.0 Hexes
 + Level 4.0 Summonings
 + Level 4.0 Necromancy
 + Level 4.0 Translocations
 + Level 4.0(6.9) Transmutations
 + Level 4.0(6.9) Fire Magic
 + Level 4.0(6.9) Ice Magic
 + Level 4.0(6.9) Air Magic
 + Level 4.0(6.9) Earth Magic
 + Level 4.0(6.9) Poison Magic
 + Level 5.3 Invocations
 + Level 4.8(7.1) Evocations


You had 9 spell levels left.
You knew the following spells:

 Your Spells              Type           Power      Damage    Failure   Level
a - Mephitic Cloud        Conj/Pois/Air  15%        N/A       7%          3
b - Ignite Poison         Fire/Tmut/Pois 17%        N/A       4%          3
c - Conjure Flame         Conj/Fire      14%        6-21      9%          3
d - Call Imp              Summ           11%        N/A       8%          2

Your spell library contained the following spells:

 Spells                   Type           Power      Damage    Failure   Level
 Foxfire                  Conj/Fire      56%        2x1d6     2%          1
 Magic Dart               Conj           44%        1d5       4%          1
 Inner Flame              Hex/Fire       14%        N/A       9%          3
 Flame Wave               Conj/Fire      14%        2d6       26%         4
 Cause Fear               Hex            5%         N/A       43%         4
 Freezing Cloud           Conj/Ice/Air   7%         6-21      52%         5
 Dragon Form              Tmut           8%         N/A       100%        7
 Dragon's Call            Summ           5%         N/A       100%        9


Dungeon Overview and Level Annotations

Branches:
Dungeon (7/15)             Temple (1/1) D:6           Sewer (visited)
 Bailey (1/1)

Altars:
Ashenzari
Dithmenos
Elyvilon
Fedhas
Gozag
Hepliaklqana
Kikubaaqudgha
Makhleb
Okawaru
Qazlal
Ru
Sif Muna
Trog
Xom
Zin
The Shining One

Shops:
D:5 ::

Annotations:
D:4 exclusion: downstairs


Innate Abilities, Weirdness & Mutations

You have very sharp teeth.
Your uncanny sense of smell can sniff out nearby items.
Your experience applies equally to all skills.


Message History

The human hits you with a +0 war axe.
Fire: a) +0 shortbow (chaos)
Aim: a human, wielding a +0 war axe and wearing a +0 ring mail (lightly wounded, 63% to hit)
You shoot an arrow. The arrow hits the human.
The human flickers and vanishes for a moment.
The human misses you.
Fire: a) +0 shortbow (chaos)
Aim: a human, wielding a +0 war axe and wearing a +0 ring mail (moderately wounded, slightly transparent, 63% to hit)
You shoot an arrow. The arrow barely misses the human.
The arrow closely misses the human.
The human barely misses you.
Fire: a) +0 shortbow (chaos)
Aim: a human, wielding a +0 war axe and wearing a +0 ring mail (moderately wounded, slightly transparent, 63% to hit)
You shoot an arrow.
The arrow hits the human but does no damage.
The human seems to slow down.
The human hits you but does no damage.
Fire: a) +0 shortbow (chaos)
Aim: a human, wielding a +0 war axe and wearing a +0 ring mail (moderately wounded, slightly transparent, slow, 63% to hit)
You shoot an arrow.
The arrow hits the human but does no damage.
The human seems to speed up.
The human hits you with a +0 war axe. The human barely misses you.
Fire: a) +0 shortbow (chaos)
Aim: a human, wielding a +0 war axe and wearing a +0 ring mail (moderately wounded, fast, slightly transparent, slow, 63% to hit)
You shoot an arrow. The arrow closely misses the human.
The human barely misses you. The human hits you with a +3 war axe!
* * * LOW HITPOINT WARNING * * *
Fire: a) +0 shortbow (chaos)
Aim: a human, wielding a +0 war axe and wearing a +0 ring mail (moderately wounded, fast, slightly transparent, slow, 63% to hit)
You shoot an arrow. The arrow hits the human.
Lightning courses through the human! The human hits you with a +0 war axe!
* * * LOW HITPOINT WARNING * * *
The human closely misses you.
Fire: a) +0 shortbow (chaos)
Aim: a human, wielding a +0 war axe and wearing a +0 ring mail (heavily wounded, fast, slightly transparent, slow, 63% to hit)
You shoot an arrow. The arrow hits the human!
The arrow burns the human.
The human closely misses you. The human hits you with a +3 war axe!
You die...

##### ##.)@##
#...pp# #.∩.∩.#
#.....# ####
**##.).##..g.#
**~~#'#)#....g.
* *~ ~)~#)...#
~~~~#...##
#~~~~~#...# ,,


You could see 2 humans.

Vanquished Creatures
  Sigmund (D:2)
  3 humans (Bailey)
  A steam dragon (D:6)
  A water moccasin (D:7)
  An orc warrior (D:6)
  A black bear (D:5)
  3 phantoms
  4 kobold brigands
  A necrophage (D:4)
  3 bullfrogs
  4 scorpions
  A jelly (D:4)
  4 orc priests
  3 hounds
  Crazy Yiuf (D:2)
  7 iguanas
  4 orc wizards
  14 adders
  12 gnolls
  8 river rats
  2 ufetubi
  A worm (D:3)
  22 orcs
  7 ball pythons
  2 bats (D:3)
  3 endoplasms
  8 giant cockroaches
  10 goblins
  9 hobgoblins
  5 quokkas
  A frilled lizard (D:1)
  22 kobolds
  26 rats
195 creatures vanquished.

Vanquished Creatures (others)
  A fungus (D:2)
  7 plants (D:5)
8 creatures vanquished.

Grand Total: 203 creatures vanquished

Notes
Turn   | Place    | Note
-------+----------+-------------------------------------------
     0 | D:1      | ILmort the Gnoll Hunter began the quest for the Orb.
     0 | D:1      | Reached XP level 1. HP: 20/20 MP: 1/1
   207 | D:1      | Reached XP level 2. HP: 26/26 MP: 2/2
   281 | D:1      | Reached XP level 3. HP: 31/31 MP: 3/3
   515 | D:1      | Reached skill level 1 in Invocations
   725 | D:2      | Reached skill level 1 in Short Blades
   725 | D:2      | Reached skill level 1 in Long Blades
   725 | D:2      | Reached skill level 1 in Axes
   725 | D:2      | Reached skill level 1 in Maces & Flails
   725 | D:2      | Reached skill level 1 in Polearms
   725 | D:2      | Reached skill level 1 in Staves
   725 | D:2      | Reached skill level 1 in Throwing
   725 | D:2      | Reached skill level 1 in Armour
   725 | D:2      | Reached skill level 1 in Shields
   725 | D:2      | Reached skill level 1 in Unarmed Combat
   725 | D:2      | Reached skill level 1 in Spellcasting
   725 | D:2      | Reached skill level 1 in Evocations
   884 | D:2      | Identified the +1 leather armour of the Poles {rF+ Will+}
   912 | D:2      | Noticed Sigmund
   918 | D:2      | Killed Sigmund
   919 | D:2      | Reached skill level 1 in Conjurations
   919 | D:2      | Reached skill level 1 in Hexes
   919 | D:2      | Reached skill level 1 in Summonings
   919 | D:2      | Reached skill level 1 in Necromancy
   919 | D:2      | Reached skill level 1 in Translocations
   919 | D:2      | Reached skill level 1 in Transmutations
   919 | D:2      | Reached skill level 1 in Fire Magic
   919 | D:2      | Reached skill level 1 in Ice Magic
   919 | D:2      | Reached skill level 1 in Air Magic
   919 | D:2      | Reached skill level 1 in Earth Magic
   919 | D:2      | Reached skill level 1 in Poison Magic
   919 | D:2      | Reached XP level 4. HP: 38/38 MP: 4/6
   919 | D:2      | Reached XP level 5. HP: 43/43 MP: 4/7
   953 | D:2      | Found a broken altar of Ashenzari.
   983 | D:2      | Became a worshipper of Ashenzari the Shackled
  1012 | D:2      | Reached XP level 6. HP: 50/50 MP: 8/8
  1470 | D:2      | Found a runed translucent door.
  1471 | D:2      | Noticed Crazy Yiuf
  1693 | D:3      | Reached skill level 5 in Fighting
  1693 | D:3      | Reached skill level 5 in Dodging
  2137 | D:3      | Found a blossoming altar of Fedhas.
  2474 | D:4      | Found a bloodstained altar of Trog.
  2603 | D:4      | Found a sacrificial altar of Ru.
  2640 | D:4      | Reached * piety under Ashenzari
  2655 | D:4      | Reached XP level 7. HP: 55/58 MP: 11/11
  3010 | D:4      | Reached skill level 9 in Ranged Weapons
  3502 | D:2      | Killed Crazy Yiuf
  3840 | D:5      | Entered Level 5 of the Dungeon
  4332 | D:5      | Found a glowing drain.
  4342 | D:5      | Reached XP level 8. HP: 65/65 MP: 13/13
  4352 | Sewer    | Entered a sewer
  4811 | Sewer    | Reached ** piety under Ashenzari
  4820 | Sewer    | Learned a level 3 spell: Mephitic Cloud
  4824 | Sewer    | Learned a level 3 spell: Ignite Poison
  4828 | Sewer    | Learned a level 3 spell: Conjure Flame
  5153 | D:5      | Found a hazy altar of Hepliaklqana.
  5665 | D:5      | Found Hated Fise's Book Shoppe.
  5742 | D:5      | Learned a level 2 spell: Call Imp
  5846 | D:5      | Found Celom's Self-Improvement Boutique.
  5913 | D:6      | Reached XP level 9. HP: 72/72 MP: 16/16
  6531 | D:6      | Found a burning altar of Makhleb.
  6702 | D:6      | Found a staircase to the Ecumenical Temple.
  6730 | D:6      | Reached *** piety under Ashenzari
  6843 | D:6      | Found a white marble altar of Elyvilon.
  7107 | Temple   | Entered the Ecumenical Temple
  7179 | D:7      | Found a shimmering blue altar of Sif Muna.
  7190 | D:7      | Reached skill level 5 in Stealth
  7716 | D:7      | Found a shimmering altar of Xom.
  7722 | D:7      | Found a flagged portal.
  7727 | Bailey   | Entered a bailey
  7849 | Bailey   | Reached skill level 5 in Invocations
  7901 | Bailey   | HP: 3/75 [human/+0 war axe (8)]
  7902 | Bailey   | Slain by a human

Illustrated notes

Levels and vault maps discovered:
D:1:      nzn_arrival_crosshair, layout_rooms, minmay_liquid_box,
          glass_columns_a, hangedman_decor_peaks_small, minmay_misc_feat_x
D:2:      layout_basic, basic_altar, minmay_tree_intersection,
          uniq_crazy_yiuf_cottage, uniq_sigmund
D:3:      layout_basic, mainiacjoe_overflow_alcove_2, chequers_garden
D:4:      layout_basic, mainiacjoe_overflow_six_doors_small,
          hangedman_ru_absence
D:5:      layout_rooms, nicolae_hepliaklqana_hazy_memory, portal_sewer_entry_c,
          serial_shops, nicolae_lakefront_shop, nicolae_shop_self_help
D:6:      layout_basic, nicolae_elyvilon_temple_path, kennysheep_mini,
          temple_hall_moat
D:7:      layout_gridville, nicolae_wu_jian_immortal_techniques,
          cheibriados_altar_1, mainiacjoe_overflow_catwalk,
          mainiacjoe_overflow_small_starburst, enter_bailey_3
Temple:   hellmonk_temple_two_chambers
Bailey:   bailey_axe_froggy_fort_hellmonk, bailey

Skill      XL: |  1  2  3  4  5  6  7  8  9 |
---------------+----------------------------+-----
Invocations    | 2 3 4 5 |  5.3
Short Blades   | 1 2 3 4 |  4.8
Long Blades    | 1 2 3 4 |  4.8
Axes           | 1 2 3 4 |  4.8
Maces & Flails | 1 2 3 4 |  4.8
Polearms       | 1 2 3 4 |  4.8
Staves         | 1 2 3 4 |  4.8
Throwing       | 1 2 3 4 |  4.8
Armour         | 1 2 3 4 |  4.8
Shields        | 1 2 3 4 |  4.8
Unarmed Combat | 1 2 3 4 |  4.8
Spellcasting   | 1 2 3 4 |  4.8
Evocations     | 1 2 3 4 |  4.8
Conjurations   | 1 2 3 4 |  4.0
Hexes          | 1 2 3 4 |  4.0
Summonings     | 1 2 3 4 |  4.0
Necromancy     | 1 2 3 4 |  4.0
Translocations | 1 2 3 4 |  4.0
Transmutations | 1 2 3 4 |  4.0
Fire Magic     | 1 2 3 4 |  4.0
Ice Magic      | 1 2 3 4 |  4.0
Air Magic      | 1 2 3 4 |  4.0
Earth Magic    | 1 2 3 4 |  4.0
Poison Magic   | 1 2 3 4 |  4.0
Stealth        | 3 4 5 |  5.4
Fighting       | 5 6 |  6.7
Dodging        | 5 6 |  6.7
Ranged Weapons | 9 |  9.8

Action                   |  1- 3 |  4- 6 |  7- 9 || total
-------------------------+-------+-------+-------++-------
Melee: Unarmed           |       |    25 |       ||    25
       Short sword       |       |     5 |   198 ||   203
       Bite              |       |     5 |    30 ||    35
       Punch             |       |     3 |    10 ||    13
 Fire: Shortbow          |    90 |   109 |   375 ||   574
 Cast: Mephitic Cloud    |       |       |    12 ||    12
       Ignite Poison     |       |       |     9 ||     9
       Call Imp          |       |       |     2 ||     2
Invok: Curse Item        |       |     2 |     3 ||     5
Evoke: Wand              |       |       |     1 ||     1
  Use: Potion            |       |       |     7 ||     7
       Scroll            |       |       |     6 ||     6
Armor: Leather armour    |     7 |     8 |   121 ||   136
Dodge: Dodged            |    21 |    31 |   300 ||   352
